 Dungeon Crawl Stone Soup version 0.27.1 (webtiles) character file.

Game seed: 13948344574083421211

28 hawla the Sneak (level 2, 0/18 HPs)
             Began as a Deep Elf Delver on Aug 26, 2021.
             Slain by a hound (5 damage)
             ... on level 5 of the Dungeon.
             The game lasted 00:02:00 (230 turns).

hawla the Sneak (Deep Elf Delver)                    Turns: 230, Time: 00:02:00

Health: 0/18       AC:  3    Str:  9    XL:     2   Next: 96%
Magic:  4/4        EV: 12    Int: 14    God:
Gold:   0          SH:  0    Dex: 16    Spells: 1/1 levels left

rFire    . . .     SeeInvis .   a - +0 short sword
rCold    . . .     Faith    .   (no shield)
rNeg     . . .     Spirit   .   b - +0 leather armour
rPois    .         Reflect  .   (no helmet)
rElec    .         Harm     .   (no cloak)
rCorr    .         Rampage  .   (no gloves)
Will     .....                  (no boots)
Stlth    +++.......             (no amulet)
HPRegen  0.06/turn              (no ring)
MPRegen  0.09/turn              (no ring)

@: no status effects
A: no striking features
a: no special abilities


You were on level 5 of the Dungeon.
You visited 1 branch of the dungeon, and saw 1 of its levels.

Inventory:

Hand Weapons
 a - a +0 short sword (weapon)
Armour
 b - a +0 leather armour (worn)
Wands
 g - a wand of digging (3)
Scrolls
 c - a scroll of fog
 d - a scroll of magic mapping


   Skills:
 + Level 2.5 Fighting
 + Level 2.0 Short Blades
 + Level 2.5 Dodging
 + Level 6.9 Stealth


You had one spell level left.
You didn't know any spells.
Your spell library was empty.

Dungeon Overview and Level Annotations

Branches:
Dungeon (5/15)
 Temple: D:4-7

Altars:
Ashenzari


Message History

The hound misses you.
You completely miss the hound.
The hound is moderately wounded.
The hound bites you.
You hit the hound but do no damage.
The hound is moderately wounded.
The hound bites you.
You hit the hound.
The hound is moderately wounded.
The hound completely misses you.
You barely miss the hound.
The hound is moderately wounded.
The hound completely misses you.
You barely miss the hound.
The hound is moderately wounded.
You feel yourself slow down. The hound barely misses you.
You hit the hound.
The hound is heavily wounded.
The hound misses you.
You hit the hound.
The hound is heavily wounded.
The hound bites you but does no damage. The hound bites you.
You hit the hound but do no damage.
The hound is heavily wounded.
The hound bites you but does no damage.
You barely miss the hound.
The hound is heavily wounded.
The hound barely misses you. The hound misses you.
You hit the hound but do no damage.
The hound is heavily wounded.
The hound bites you but does no damage.
You hit the hound.
The hound is almost dead.
The hound bites you. x2
* * * LOW HITPOINT WARNING * * *
You miss the hound.
The hound is almost dead.
The hound bites you.
You die...

.......#.###[#
...#.........#
..#################
..#...............#
###..#..#.#.Bss#..#
#.#.........ss#sss#
..##################
...................##
.........._....h@...#
......................#
..##################.##
..#§§♣§§♣≈≈P≈≈kFv≈# #
..#≈t§§≈§§§PP§§≈.§#
..#♣♣§§§♣§≈≈≈≈.≈§§# ..#
############### ...#
...#


You could see a wolf spider, a goliath frog, a will-o-the-wisp, a swamp drake, 6
redbacks, a hound and a giant cockroach.

Vanquished Creatures
  A hound (D:5)
1 creature vanquished.

Vanquished Creatures (others)
  A fungus (D:5)
1 creature vanquished.

Grand Total: 2 creatures vanquished

Notes
Turn   | Place    | Note
-------+----------+-------------------------------------------
     0 | D:5      | hawla the Deep Elf Delver began the quest for the Orb.
     0 | D:5      | Reached XP level 1. HP: 13/13 MP: 3/3
    32 | D:5      | Identified the +0 plate armour "Faykkyre" {*Slow rPois
                  | Str+5}
    90 | D:5      | Noticed a necrophage
   118 | D:5      | Noticed a hound
   123 | D:5      | Killed a hound
   124 | D:5      | Reached XP level 2. HP: 18/18 MP: 4/4
   195 | D:5      | Found a broken altar of Ashenzari.
   199 | D:5      | Saw a vision of the Swamp and the Spider Nest.
   199 | D:5      | Noticed a redback
   199 | D:5      | Noticed a redback
   199 | D:5      | Noticed a redback
   199 | D:5      | Noticed a redback
   199 | D:5      | Noticed a redback
   199 | D:5      | Noticed a swamp drake
   201 | D:5      | Noticed a redback
   201 | D:5      | Noticed an alligator
   201 | D:5      | Noticed a will-o-the-wisp
   202 | D:5      | Noticed a wolf spider
   202 | D:5      | Noticed a goliath frog
   230 | D:5      | Slain by a hound

Illustrated notes

Levels and vault maps discovered:
D:5:      layout_basic, grunt_ashenzari_visionary
          [grunt_ashenzari_visionary_swamp, grunt_ashenzari_visionary_spider],
          uniq_sigmund, uniq_menkaure

Action                   || total
-------------------------++-------
Melee: Short sword       ||    22
  Use: Potion            ||     2
       Scroll            ||     1
 Stab: Sleeping          ||     1
Armor: Leather armour    ||     9
Dodge: Dodged            ||    10
